 Dungeon Crawl Stone Soup version 0.28.0-47-ge53b351184 (webtiles) character file.

Game seed: 13467690815679601273

127 Zeld the Chopper (level 4, -1/61 HPs)
             Began as a Minotaur Berserker on Apr 27, 2022.
             Was a Believer of Trog.
             Slain by Pargi (3 damage)
             ... on level 3 of the Dungeon.
             The game lasted 00:01:14 (1554 turns).

Zeld the Chopper (Minotaur Berserker)               Turns: 1554, Time: 00:01:15

Health: -1/61      AC:  2    Str: 24    XL:     4   Next: 85%
Magic:  3/3        EV: 12    Int:  4    God:    Trog [**....]
Gold:   59         SH:  0    Dex:  9    Spells: 3/3 levels left

rFire   . . .      SeeInvis .   a - +0 hand axe
rCold   . . .      Faith    .   (no shield)
rNeg    . . .      Spirit   .   b - +0 animal skin
rPois   .          Reflect  .   (helmet restricted)
rElec   .          Harm     .   (no cloak)
rCorr   .          Rampage  .   (no gloves)
Will    ++...                   (no boots)
Stlth   ..........              (no amulet)
HPRegen 1.20/turn               (no ring)
MPRegen 0.08/turn               (no ring)

@: berserking, strong-willed, regenerating, very quick
A: horns 2, retaliatory headbutt
a: Renounce Religion, Berserk, Trog's Hand


You were on level 3 of the Dungeon.
You worshipped Trog.
Trog was pleased with you.
You visited 1 branch of the dungeon, and saw 3 of its levels.

You collected 59 gold pieces.

Inventory:

Hand Weapons
 a - a +0 hand axe (weapon)
Armour
 b - a +0 animal skin (worn)
Scrolls
 c - a scroll of identify {unknown}
 d - a scroll of torment {unknown}
 e - 5 scrolls of fog {unknown}
 f - a scroll of enchant armour {unknown}
 h - a scroll of immolation {unknown}
 j - a scroll of teleportation {unknown}
Potions
 g - a potion of resistance {unknown}
 i - a potion of brilliance {unknown}


   Skills:
 * Level 4.7 Fighting
 * Level 4.7 Axes
 + Level 3.2 Armour
 + Level 2.8 Dodging
 + Level 1.3 Stealth


You had 3 spell levels left.
You didn't know any spells.
Your spell library was empty.

Dungeon Overview and Level Annotations

Branches:
Dungeon (3/15)

Altars:

Annotations:
D:3 3 runed translucent doors, GamerJuice's ghost, weakling SpCj; Pargi; Terence


Innate Abilities, Weirdness & Mutations

You have a pair of horns on your head.
You reflexively headbutt those who attack you in melee.


Message History

You hit the orc.
The orc is almost dead.
The orc closely misses you.
You closely miss the orc.
The orc is almost dead.
You closely miss Pargi. The orc misses you.
Terence the Incautious comes into view.
He is wielding a +0 flail and wearing a +2 chain mail of poison resistance.
Pargi bites you. Pargi closely misses you. Pargi barely misses you.
You hit the orc but do no damage. You headbutt the orc.
You kill the orc!
Trog accepts your kill.
You hit Pargi. Pargi closely misses you. Pargi barely misses you. x2
Pargi snarls, "Go!
Away!"
Things that are here:
a +0 dagger; a +0 leather armour; a +0 club Your skin crawls.
You feel strong-willed. Pargi bites you. Pargi claws you.
Pargi barely misses you. Terence hits you with a +0 flail.
* * * LOW HITPOINT WARNING * * *
Okay, then.
A red film seems to cover your vision as you go berserk!
You feel yourself moving faster!
You feel mighty! Terence misses you. Pargi barely misses you. Pargi claws you.
* * * LOW HITPOINT WARNING * * *
Pargi closely misses you.
You barely miss Pargi. Your headbutt misses Pargi. You barely miss Terence.
You hit Pargi.
Pargi is lightly wounded.
You slash Terence! Terence hits you with a +0 flail!
* * * LOW HITPOINT WARNING * * *
Pargi misses you. Pargi claws you.
* * * LOW HITPOINT WARNING * * *
Pargi claws you.
* * * LOW HITPOINT WARNING * * *
You hit Terence but do no damage.
Terence is heavily wounded.
You slash Pargi! Pargi closely misses you. You furiously retaliate!
You headbutt Pargi! Pargi claws you but does no damage. Pargi claws you.
You die...

#### #.. ... #.# . #@#
.# #@# .. #T#####.#
#)#.....# #(..T####.#
#.........#
####...#######
#....#........
#.##...#######
##.###...ā‰ˆā‰ˆ.Pā™£ā™£


You could see Pargi and Terence.

Vanquished Creatures
  Jessica (D:3)
  An orc wizard (D:3)
  A gnoll (D:1)
  3 adders (D:2)
  A worm (D:2)
  4 orcs (D:3)
  An endoplasm (D:1)
  3 giant cockroaches
  4 goblins
  4 hobgoblins
  2 quokkas
  2 ball pythons (D:2)
  3 bats
  A frilled lizard (D:1)
  3 rats
34 creatures vanquished.

Notes
Turn   | Place    | Note
-------+----------+-------------------------------------------
     0 | D:1      | Zeld the Minotaur Berserker began the quest for the Orb.
     0 | D:1      | Reached XP level 1. HP: 19/19 MP: 0/0
    12 | D:1      | Found a faded altar of an unknown god.
    60 | D:1      | Reached XP level 2. HP: 27/27 MP: 1/1
   573 | D:2      | Reached XP level 3. HP: 22/33 MP: 2/2
   990 | D:2      | Reached skill level 1 in Stealth
  1481 | D:3      | Reached ** piety under Trog
  1482 | D:3      | Reached XP level 4. HP: 41/41 MP: 3/3
  1485 | D:3      | Found a runed translucent gate.
  1486 | D:3      | Found a runed translucent gate.
  1486 | D:3      | Found a runed translucent gate.
  1493 | D:3      | Noticed GamerJuice's ghost (weakling SpCj)
  1517 | D:3      | Noticed Jessica
  1531 | D:3      | Killed Jessica
  1544 | D:3      | Noticed Pargi
  1547 | D:3      | Noticed Terence
  1553 | D:3      | HP: 1/61 [Pargi (3)]
  1554 | D:3      | Slain by Pargi

Illustrated notes

Levels and vault maps discovered:
D:1:      dpeg_arrival_fog, layout_rooms, shapermc_ecumenical_altar_flowoftime,
          minmay_tetromino_l2
D:2:      layout_basic, kennysheep_generic_room_4
D:3:      layout_loops_ring, nicolae_elyvilon_peaceful_grove,
          mainiacjoe_overflow_alcove_1, okawaru_trees_1, gammafunk_ghost_split,
          cheibrodos_sewer_entry_bend, serial_shops,
          nicolae_shop_bloodbath_and_beyond, minmay_checkerbox, uniq_jessica,
          uniq_sigmund, uniq_terence, uniq_grinder, uniq_pargi

Skill      XL: |  1  2  3 |
---------------+----------+-----
Fighting       | 4 |  4.7
Axes           | 4 |  4.7
Armour         | 3 |  3.2
Stealth        | 1 |  1.3
Dodging        | |  2.8

Action                   |  1- 3 |  4- 6 || total
-------------------------+-------+-------++-------
Melee: Hand axe          |    63 |    22 ||    85
       Headbutt          |     7 |     5 ||    12
       Punch             |       |     1 ||     1
Invok: Berserk           |     1 |     1 ||     2
       Trog's Hand       |       |     1 ||     1
Armor: Animal skin       |    11 |     2 ||    13
Dodge: Dodged            |    37 |    25 ||    62
